 Dungeon Crawl Stone Soup version 0.27-a0-1332-g84bddb5ca7 (webtiles) character file.

Game seed: 17150294609916234713

133 dickylongcocking the Magician (level 5, -30/58 HPs)
             Began as a Djinni Fire Elementalist on June 25, 2021.
             Was a Believer of Elyvilon.
             Killed by an exploding orc wizard (36 damage)
             ... ignited by their inner flame
             ... on level 3 of the Dungeon.
             The game lasted 00:03:35 (3876 turns).

dickylongcocking the Magician (DjFE)                Turns: 3876, Time: 00:03:36

Health: -30/58     AC: 22    Str:  4 (7)  XL:     5   Next: 39%
Gold:   67         EV:  2    Int: 17 (18) God:    Elyvilon [**....] SH:  0 Dex: 10 (13)

rFire    . . .     SeeInvis .   o - +3 short sword (speed)
rCold    . . .     Faith    .   (no shield)
rNeg     + + +     Spirit   .   (armour currently unavailable)
rPois    ∞         Reflect  .   (helmet currently unavailable)
rElec    .         Harm     .   (cloak currently unavailable)
rCorr    .         Rampage  .   (gloves currently unavailable)
Will     .....     NoTele   +   (boots unavailable)
Stlth    ++........             (no amulet)
HPRegen  0.19/turn              (no ring)
MPRegen  0.00/turn              (no ring)

@: tree-form, attractive
A: stationary, stasis, torment immunity, boosted hp, sickness immunity, (fire
resistance 2), (cold vulnerability 1), float, innate caster, hp casting, extra
vitality 1
a: Renounce Religion, Lesser Healing, Heal Other, Divine Protection


You were on level 3 of the Dungeon.
You worshipped Elyvilon.
Elyvilon was pleased with you.
You were a tree.
You visited 1 branch of the dungeon, and saw 3 of its levels.

You collected 67 gold pieces.

Inventory:

Hand Weapons
 g - a +0 short sword
 n - a +3 dagger
 o - a +3 short sword of speed (weapon)
Missiles
 f - 6 atropa-tipped darts
Armour
 a - a +0 robe
 c - a +0 helmet (melded)
 p - a +0 leather armour of cold resistance (melded)
Jewellery
 e - a ring of protection from cold
Wands
 m - a wand of flame (9)
Scrolls
 h - a scroll of identify
 l - a scroll of teleportation
Potions
 d - a potion of lignification


   Skills:
 * Level 2.4 Fighting
 * Level 0.7 Armour
 - Level 2.1 Dodging
 - Level 1.5 Stealth
 * Level 3.2 Spellcasting
 * Level 2.2 Invocations


You couldn't memorise any spells.
You knew the following spells:

 Your Spells              Type           Power      Damage    Failure   Level
a - Foxfire               Conj/Fire      52%        2x1d6     4%          1
b - Conjure Flame         Conj/Fire      13%        6-21      14%         3
c - Inner Flame           Hex/Fire       13%        N/A       14%         3
d - Sticky Flame          Conj/Fire      13%        2d4       41%         4
e - Fireball              Conj/Fire      6%         3d5       77%         5
f - Apportation           Tloc           26%        N/A       4%          1
g - Wereblood             Tmut           13%        N/A       7%          2
Your spell library was empty.

Dungeon Overview and Level Annotations

Branches:
Dungeon (3/15)

Altars:
Elyvilon

Shops:
D:2 =

Annotations:
D:3 Terence


Innate Abilities, Weirdness & Mutations

You are a tree.
Your roots penetrate the ground, keeping you stationary.
You cannot be teleported.
You are immune to unholy pain and torment.
Your maximum health is greatly increased.
Your equipment is partially melded.
You are immune to sickness and miasma.
You are immune to poison.
((Your flesh is very heat resistant. (rF++)))
((You are vulnerable to cold. (rC-)))
You float through the air rather than walking.
You learn spells naturally, not from books.
Your magical power is your life essence.
You have superior vitality. (+4 HP)


Message History

The orc looks frightened!
The kobold looks frightened!
The orc looks frightened!
It was a scroll of fear.
Terence is pulled toward you! Something is pulled toward you!
The orc is pulled toward you! The kobold is pulled toward you!
You closely miss the orc. Terence is pulled toward you!
The orc is pulled toward you! x2; The kobold is pulled toward you!
Unknown command.
You hit the orc.
Your attack snaps the orc out of its fear.
The orc is moderately wounded.
Terence is pulled toward you! Something is pulled toward you!
The orc is pulled toward you!
Unknown command.
You hit the orc.
You kill the orc!
Something is pulled toward you! The kobold is pulled toward you!
Unknown command.
Okay, then.
Okay, then.
Okay, then.
You hit something.
Flame seeps out of something. x2
Something hits you but does no damage. The orc is pulled toward you!
The kobold is pulled toward you!
You barely miss Terence.
Terence is moderately wounded.
The orc is pulled toward you! The kobold is pulled toward you!
Unknown command.
You hit the orc.
Your attack snaps the orc out of its fear.
The orc is heavily wounded.
Reactivating autopickup.
You feel a bit more experienced.
The orc wizard explodes!
The fiery explosion engulfs the orc!!
You kill the orc!
The fiery explosion engulfs the kobold!!
You kill the kobold!
The fiery explosion engulfs you!!!
Ouch! That really hurt!
You die...

#.......#
#.##.#.##
#.##.#.#
#......#
##.#.#.#
#.#)..#
#[##§.#
#.§°§@#
####♣##
#)# #.#
... #.#
#.# #..
###


You could see Terence (fleeing).

Vanquished Creatures
  An orc priest (D:3)
  An orc wizard (D:3)
  Robin (D:3)
  2 adders (D:3)
  A dart slug (D:3)
  9 orcs (D:3)
  2 ball pythons (D:1)
  2 bats
  6 endoplasms
  3 giant cockroaches (D:1)
  10 goblins
  8 hobgoblins
  3 jackals (D:2)
  2 quokkas (D:1)
  3 frilled lizards (D:1)
  3 kobolds
  4 rats
61 creatures vanquished.

Vanquished Creatures (collateral kills)
  28 foxfires (D:3)
28 creatures vanquished.

Vanquished Creatures (others)
  226 foxfires
226 creatures vanquished.

Grand Total: 315 creatures vanquished

Notes
Turn   | Place    | Note
-------+----------+-------------------------------------------
     0 | D:1      | dickylongcocking the Djinni Fire Elementalist began the
                  | quest for the Orb.
     0 | D:1      | Reached XP level 1. HP: 15/15 MP: 0/0
     7 | D:1      | Found a faded altar of an unknown god.
    27 | D:1      | Became a worshipper of Elyvilon the Healer
    27 | D:1      | Reached * piety under Elyvilon
   324 | D:1      | Reached XP level 2. HP: 17/22 MP: 0/0
   498 | D:1      | Reached skill level 1 in Fighting
  1215 | D:1      | Reached skill level 1 in Invocations
  1215 | D:1      | Reached XP level 3. HP: 21/27 MP: 0/0
  1215 | D:1      | Learned a level 1 spell: Apportation
  2192 | D:2      | Found Ginoyfas's Jewellery Shoppe.
  2288 | D:2      | Reached ** piety under Elyvilon
  3220 | D:3      | Reached skill level 3 in Spellcasting
  3220 | D:3      | Reached XP level 4. HP: 33/33 MP: 0/0
  3488 | D:3      | Noticed Robin
  3495 | D:3      | Killed Robin
  3496 | D:3      | Reached XP level 5. HP: 22/38 MP: 0/0
  3496 | D:3      | Learned a level 2 spell: Wereblood
  3827 | D:3      | Noticed Terence
  3876 | D:3      | Killed by an exploding orc wizard... ignited by their inner
                  | flame

Illustrated notes

Levels and vault maps discovered:
D:1:      dpeg_arrival_windows_large_door, layout_loops_ring,
          hellmonk_ecumenical_altar_pennies_from_heaven
D:2:      layout_basic, serial_shops, shop
D:3:      layout_loops_cross, minmay_hedge_maze, uniq_sigmund, uniq_terence,
          uniq_robin

Skill      XL: |  1  2  3  4 |
---------------+-------------+-----
Fighting       | 1 2 |  2.4
Invocations    | 1 2 |  2.2
Spellcasting   | 3 |  3.2
Armour         | |  0.7
Dodging        | |  2.1
Stealth        | |  1.5

Action                   |  1- 3 |  4- 6 || total
-------------------------+-------+-------++-------
Melee: Unarmed           |    20 |       ||    20
       Short sword       |    10 |    11 ||    21
       Dagger            |       |     2 ||     2
 Cast: Foxfire           |   104 |    68 ||   172
       Inner Flame       |       |     3 ||     3
Invok: Lesser Healing    |       |     3 ||     3
Evoke: Wand              |     3 |     3 ||     6
  Use: Scroll            |       |     3 ||     3
       Potion            |       |     3 ||     3
Armor: Robe              |    17 |     2 ||    19
       Skin              |       |     6 ||     6
       Leather armour    |       |     3 ||     3
Dodge: Dodged            |    44 |    16 ||    60

Table legend: (Time is in decaauts)
 A = Elapsed time spent in this place.
 B = Non-inter-level travel time spent in this place.
 C = Inter-level travel time spent in this place.
 D = Time resting spent in this place.
 E = Time spent auto-exploring this place.
 F = Levels seen in this place.
 G = Mean time per level.
                   A        B        C        D        E       F      G
               +--------+--------+--------+--------+--------+-----+--------+
         Total |   3873 |   3816 |     57 |    186 |   3165 |   3 | 1291.0 |
       Dungeon |   3873 |   3816 |     57 |    186 |   3165 |   3 | 1291.0 |
               +--------+--------+--------+--------+--------+-----+--------+

Top non-repeatable levels by time:
     D:1: 2049 daAuts
     D:2: 1146 daAuts
     D:3: 676 daAuts
